 Dungeon Crawl Stone Soup version 0.31.0-11-ge490571c62 (webtiles) character file.

Game seed: 13835281169120908477

1126 qw the Skirmisher (level 8, -2/40 HPs)
             Began as a Spriggan Hunter on Feb 3, 2024.
             Was an Initiate of Okawaru.
             Slain by a killer bee (7 damage)
             ... on level 6 of the Dungeon.
             The game lasted 00:00:21 (4485 turns).

qw the Skirmisher (Spriggan Hunter)                 Turns: 4485, Time: 00:00:21

Health: -2/40      AC:  4    Str: 13    XL:     8   Next: 13%
Magic:  9/9        EV: 23    Int: 10    God:    Okawaru [......]
Gold:   313        SH:  0    Dex: 21    Spells: 7/7 levels left

rFire   + . .        a - +1 shortbow
rCold   . . .        (shield currently unavailable)
rNeg    . . .        c - +0 robe
rPois   .            h - +2 hat
rElec   .            (no cloak)
rCorr   .            (gloves unavailable)
SInv    +            (boots unavailable)
Will    +....        (no amulet)
Stlth   ++           d - +6 ring of strength
HPRegen 0.26/turn    j - ring of protection from fire
MPRegen 0.11/turn

%: no passive effects
@: lethally poisoned (-2 -> -8), about to teleport, very quick
A: very small, no large weapons, unfitting armour, see invisible, speed 3
a: Renounce Religion


You were on level 6 of the Dungeon.
You worshipped Okawaru.
Okawaru was noncommittal.
You visited 2 branches of the dungeon, and saw 7 of its levels.

You collected 313 gold pieces.


Innate Abilities, Weirdness & Mutations

You are very small and have problems with some larger weapons.
You are too small for most types of armour.
You have supernaturally acute eyesight. (SInv)
You cover ground extremely quickly. (Speed+++)


   Skills:
 - Level 3.1 Fighting
 + Level 8.0 Ranged Weapons
 - Level 8.0 Dodging
 - Level 1.5 Stealth


You had 7 spell levels left.
You didn't know any spells.
Your spell library was empty.

Inventory:

Hand Weapons
 a - a +1 shortbow (weapon)
Armour
 c - a +0 robe (worn)
 h - a +2 hat (worn)
Jewellery
 d - a +6 ring of strength (left hand)
 j - a ring of protection from fire (right hand)
Wands
 f - a wand of charming (2)
Potions
 g - 2 potions of resistance
 i - a potion of enlightenment
 k - a potion of mutation {unknown}
 l - a potion of invisibility {unknown}
 n - 3 potions of curing

Dungeon Overview and Level Annotations

Branches:
Dungeon (6/15)             Temple (1/1) D:5

Altars:
Cheibriados
Dithmenos
Elyvilon
Gozag
Hepliaklqana
Kikubaaqudgha
Makhleb
Nemelex Xobeh
Okawaru
Qazlal
Sif Muna
Trog
Uskayaw
Vehumet
Xom
Yredelemnul

Shops:
D:2 [


Message History

You feel sick. The killer bee misses you. The killer bee completely misses you.
The killer bee closely misses you. The killer bee misses you.
You shoot an arrow.
The arrow closely misses the killer bee.
You feel sick. The killer bee completely misses you.
The killer bee barely misses you. The killer bee closely misses you.
The killer bee completely misses you.
You shoot an arrow. The arrow misses the killer bee.
You feel sick.
The killer bee completely misses you. x2
The killer bee barely misses you. The killer bee closely misses you.
You shoot an arrow. The arrow hits the killer bee.
The killer bee is severely wounded.
You feel sick.
The killer bee stings you but does no damage.
The killer bee completely misses you. The killer bee closely misses you.
The killer bee stings you!
You are more poisoned.
The killer bee poisons you!
You shoot an arrow. The arrow misses the killer bee.
You feel sick. The killer bee misses you.
You shoot an arrow. The arrow hits the killer bee.
The killer bee is severely wounded.
You feel sick. The killer bee barely misses you.
The killer bee completely misses you. The killer bee closely misses you. x2
You shoot an arrow. The arrow hits the killer bee.
The killer bee is almost dead.
You feel sick. The killer bee stings you.
You are lethally poisoned!
The killer bee poisons you! The killer bee closely misses you.
The killer bee misses you. x2
4484 ||| READING scroll of teleportation.
As you read the scroll of teleportation, it crumbles to dust.
You feel strangely unstable.
You feel very sick. The killer bee closely misses you.
The killer bee misses you. The killer bee barely misses you.
The killer bee misses you.
You shoot an arrow. The arrow misses the killer bee.
You feel very sick.
The killer bee completely misses you. x2; The killer bee stings you!
You die...

.y..# ....# ../. ...
y. ##.# ##y$#
########.y####
.........y@..#
######......###
.........####
####...##############
######..)............#
........#####.......>#
........# #.....####
........# ###..##
....[...# #.##


You could see 3 killer bees.

Vanquished Creatures
  Menkaure (D:4)
  A water moccasin (D:5)
  2 ogres (D:5)
  Blork the orc (D:4)
  2 howler monkeys
  A bombardier beetle (D:5)
  An orc priest (D:6)
  A hound (D:6)
  2 jellies
  5 sleepcaps
  3 iguanas
  An orc wizard (D:6)
  4 adders
  4 gnolls (D:4)
  A shadow imp (D:6)
  A white imp (D:5)
  2 ufetubi (D:5)
  2 dart slugs
  2 ribbon worms
  15 orcs
  7 bats
  9 endoplasms
  2 giant cockroaches
  3 goblins
  3 hobgoblins
  8 jackals
  6 quokkas
  6 ball pythons
  4 frilled lizards
  5 kobolds
  2 rats (D:2)
107 creatures vanquished.

Notes
Turn   | Place    | Note
-------+----------+-------------------------------------------
     0 | D:1      | qw the Spriggan Hunter began the quest for the Orb.
     0 | D:1      | Reached XP level 1. HP: 10/10 MP: 2/2
     0 | D:1      | 0 ||| qw: Version: 0.3-a-157-g843a77d
     0 | D:1      | 0 ||| qw: Game counter: 3604
     0 | D:1      | 0 ||| qw: Melee chars always use a shield: true
     0 | D:1      | 0 ||| qw: God list: Okawaru
     0 | D:1      | 0 ||| qw: Allow faded altars: false
     0 | D:1      | 0 ||| qw: Do Orc after clearing Dungeon:15 true
     0 | D:1      | 0 ||| qw: Do second Lair branch before Depths: true
     0 | D:1      | 0 ||| qw: Lair rune preference: random
     0 | D:1      | 0 ||| qw: Goals: Normal
     0 | D:1      | 0 ||| PLANNING D:1-11
    55 | D:1      | Reached skill level 3 in Dodging
   280 | D:1      | Reached XP level 2. HP: 14/14 MP: 3/3
   777 | D:1      | 777 ||| READING scroll labelled ANTOPTEI ICWUEDOSM.
   777 | D:1      | 777 ||| IDENTIFYING 2 fizzy orange potions
   778 | D:1      | 778 ||| READING scroll labelled CIANIN EDYDDE.
   779 | D:1      | 779 ||| READING scroll labelled ZEPTAV UXAY.
   780 | D:1      | 780 ||| DROPPING scroll of butterflies.
   781 | D:1      | 781 ||| DROPPING 2 potions of ambrosia.
   845 | D:2      | Found Aboew's Armour Emporium.
  1032 | D:2      | Reached XP level 3. HP: 18/18 MP: 4/4
  1265 | D:2      | Found a faded altar of an unknown god.
  1779 | D:2      | 1779 ||| UPGRADING to +2 hat.
  1784 | D:2      | 1784 ||| UPGRADING to +6 ring of strength.
  1785 | D:2      | 1785 ||| READING 3 scrolls of identify.
  1785 | D:2      | 1785 ||| IDENTIFYING smoky orange potion
  1786 | D:2      | 1786 ||| READING 2 scrolls of identify.
  1786 | D:2      | 1786 ||| IDENTIFYING smoky yellow potion
  1787 | D:2      | 1787 ||| READING scroll of identify.
  1787 | D:2      | 1787 ||| IDENTIFYING orange potion
  1788 | D:2      | 1788 ||| READING scroll labelled PUWNUE MOIGID.
  1789 | D:2      | 1789 ||| READING scroll labelled WAIMABL ANKUCO.
  1890 | D:2      | 1890 ||| READING scroll labelled HARURU BASMUBB.
  1891 | D:2      | 1891 ||| DROPPING potion of brilliance.
  1892 | D:2      | 1892 ||| DROPPING potion of degeneration.
  1893 | D:2      | 1893 ||| DROPPING potion of lignification.
  1972 | D:3      | 1972 ||| FLEEEEING.
  1974 | D:3      | 1974 ||| FLEEEEING.
  1975 | D:3      | 1975 ||| FLEEEEING.
  2018 | D:3      | Reached XP level 4. HP: 21/22 MP: 5/5
  2486 | D:3      | Found a hide-covered altar of Uskayaw.
  2743 | D:3      | 2743 ||| READING scroll of identify.
  2743 | D:3      | 2743 ||| IDENTIFYING metallic red potion
  2744 | D:3      | 2744 ||| READING 2 scrolls labelled KEOVVIRHANNU.
  2749 | D:3      | 2749 ||| READING scroll labelled PUSSIA PISCHE.
  2749 | D:3      | 2749 ||| ENCHANTING +0 shortbow.
  2750 | D:3      | 2750 ||| DROPPING potion of magic.
  2773 | D:4      | 2773 ||| STAIRDANCE
  2885 | D:4      | Reached XP level 5. HP: 27/27 MP: 6/6
  3165 | D:4      | Reached skill level 6 in Ranged Weapons
  3165 | D:4      | Reached XP level 6. HP: 32/32 MP: 7/7
  3166 | D:4      | Noticed Blork the orc
  3168 | D:4      | 3168 ||| FLEEEEING.
  3169 | D:4      | 3169 ||| FLEEEEING.
  3171 | D:4      | 3171 ||| FLEEEEING.
  3172 | D:4      | 3172 ||| FLEEEEING.
  3178 | D:4      | Killed Blork the orc
  3179 | D:4      | Reached skill level 6 in Dodging
  3336 | D:4      | Noticed Menkaure
  3344 | D:4      | Killed Menkaure
  3466 | D:4      | 3466 ||| UPGRADING to ring of protection from fire.
  3467 | D:4      | 3467 ||| READING scroll of identify.
  3467 | D:4      | 3467 ||| IDENTIFYING cyan potion
  3468 | D:4      | 3468 ||| DRINKING 2 yellow potions.
  3469 | D:4      | 3469 ||| FLEEEEING.
  3470 | D:4      | 3470 ||| FLEEEEING.
  3471 | D:4      | 3471 ||| FLEEEEING.
  3472 | D:4      | 3472 ||| FLEEEEING.
  3473 | D:4      | 3473 ||| FLEEEEING.
  3474 | D:4      | 3474 ||| FLEEEEING.
  3475 | D:4      | 3475 ||| FLEEEEING.
  3476 | D:4      | 3476 ||| FLEEEEING.
  3477 | D:4      | 3477 ||| FLEEEEING.
  3478 | D:4      | 3478 ||| FLEEEEING.
  3479 | D:4      | 3479 ||| FLEEEEING.
  3480 | D:4      | 3480 ||| FLEEEEING.
  3481 | D:4      | 3481 ||| FLEEEEING.
  3482 | D:4      | 3482 ||| FLEEEEING.
  3483 | D:4      | 3483 ||| FLEEEEING.
  3484 | D:4      | 3484 ||| STAIRDANCE
  3486 | D:3      | 3486 ||| FLEEEEING.
  3487 | D:3      | 3487 ||| FLEEEEING.
  3488 | D:3      | 3488 ||| FLEEEEING.
  3489 | D:3      | 3489 ||| FLEEEEING.
  3490 | D:3      | 3490 ||| FLEEEEING.
  3491 | D:3      | 3491 ||| FLEEEEING.
  3492 | D:3      | 3492 ||| FLEEEEING.
  3493 | D:3      | 3493 ||| STAIRDANCE
  3495 | D:2      | 3495 ||| FLEEEEING.
  3496 | D:2      | 3496 ||| FLEEEEING.
  3497 | D:2      | 3497 ||| FLEEEEING.
  3498 | D:2      | 3498 ||| FLEEEEING.
  3499 | D:2      | 3499 ||| FLEEEEING.
  3500 | D:2      | 3500 ||| FLEEEEING.
  3501 | D:2      | 3501 ||| FLEEEEING.
  3502 | D:2      | 3502 ||| FLEEEEING.
  3503 | D:2      | 3503 ||| FLEEEEING.
  3504 | D:2      | 3504 ||| FLEEEEING.
  3505 | D:2      | 3505 ||| FLEEEEING.
  3506 | D:2      | 3506 ||| FLEEEEING.
  3507 | D:2      | 3507 ||| FLEEEEING.
  3508 | D:2      | 3508 ||| FLEEEEING.
  3509 | D:2      | 3509 ||| FLEEEEING.
  3510 | D:2      | 3510 ||| FLEEEEING.
  3511 | D:2      | 3511 ||| FLEEEEING.
  3512 | D:2      | 3512 ||| FLEEEEING.
  3513 | D:2      | 3513 ||| FLEEEEING.
  3514 | D:2      | 3514 ||| FLEEEEING.
  3515 | D:2      | 3515 ||| FLEEEEING.
  3516 | D:2      | 3516 ||| FLEEEEING.
  3517 | D:2      | 3517 ||| FLEEEEING.
  3518 | D:2      | 3518 ||| FLEEEEING.
  3519 | D:2      | 3519 ||| FLEEEEING.
  3520 | D:2      | 3520 ||| FLEEEEING.
  3521 | D:2      | 3521 ||| FLEEEEING.
  3522 | D:2      | 3522 ||| FLEEEEING.
  3523 | D:2      | 3523 ||| FLEEEEING.
  3524 | D:2      | 3524 ||| FLEEEEING.
  3525 | D:2      | 3525 ||| FLEEEEING.
  3526 | D:2      | 3526 ||| FLEEEEING.
  3527 | D:2      | 3527 ||| FLEEEEING.
  3528 | D:2      | 3528 ||| FLEEEEING.
  3529 | D:2      | 3529 ||| FLEEEEING.
  3530 | D:2      | 3530 ||| FLEEEEING.
  3531 | D:2      | 3531 ||| FLEEEEING.
  3532 | D:2      | 3532 ||| FLEEEEING.
  3533 | D:2      | 3533 ||| FLEEEEING.
  3534 | D:2      | 3534 ||| FLEEEEING.
  3535 | D:2      | 3535 ||| DROPPING potion of berserk rage.
  3567 | D:5      | Entered Level 5 of the Dungeon
  3586 | D:5      | Noticed a water moccasin
  3590 | D:5      | Killed a water moccasin
  3591 | D:5      | Reached XP level 7. HP: 35/35 MP: 8/8
  3591 | D:5      | Found a snail-covered altar of Cheibriados.
  3868 | D:5      | 3868 ||| FLEEEEING.
  3869 | D:5      | 3869 ||| FLEEEEING.
  3870 | D:5      | 3870 ||| FLEEEEING.
  3871 | D:5      | 3871 ||| FLEEEEING.
  3873 | D:5      | 3873 ||| FLEEEEING.
  3874 | D:5      | 3874 ||| FLEEEEING.
  4203 | D:5      | Reached XP level 8. HP: 39/39 MP: 9/9
  4219 | D:5      | Found a staircase to the Ecumenical Temple.
  4220 | D:5      | 4220 ||| PLANNING TEMPLE
  4220 | D:5      | 4220 ||| READING scroll of identify.
  4220 | D:5      | 4220 ||| IDENTIFYING purple potion
  4221 | D:5      | 4221 ||| READING scroll labelled KOIXIF KAOXTE.
  4222 | D:5      | 4222 ||| DRINKING 4 golden potions.
  4230 | Temple   | Entered the Ecumenical Temple
  4231 | Temple   | 4231 ||| PLANNING OKAWARU WORSHIP
  4236 | Temple   | Became a worshipper of Warmaster Okawaru
  4237 | Temple   | 4237 ||| PLANNING D:1-11
  4360 | D:6      | 4360 ||| FLEEEEING.
  4361 | D:6      | 4361 ||| FLEEEEING.
  4362 | D:6      | 4362 ||| FLEEEEING.
  4363 | D:6      | 4363 ||| FLEEEEING.
  4365 | D:6      | 4365 ||| FLEEEEING.
  4366 | D:6      | 4366 ||| FLEEEEING.
  4367 | D:6      | 4367 ||| FLEEEEING.
  4371 | D:6      | 4371 ||| FLEEEEING.
  4372 | D:6      | 4372 ||| STAIRDANCE
  4456 | D:6      | Reached skill level 3 in Fighting
  4472 | D:6      | 4472 ||| RETREEEEATING.
  4474 | D:6      | 4474 ||| RETREEEEATING.
  4483 | D:6      | HP: 10/40 [killer bee (4)]
  4484 | D:6      | 4484 ||| READING scroll of teleportation.
  4485 | D:6      | Slain by a killer bee

Levels and vault maps discovered:
D:1:      matt_arrival_refuge, layout_loops_ring,
          hangedman_abyss_or_decor_stabs, minmay_misc_feat_tiny, chequers_jeans,
          minmay_octomino_j4
D:2:      layout_basic, serial_shops, nicolae_shop_waterfront,
          basic_ecumenical_altar
D:3:      layout_basic, nicolae_uskayaw_suspiria
D:4:      layout_cave_pools, serial_rivers, chequers_serial_rivers_micro_b,
          chequers_serial_rivers_room_a, chequers_serial_rivers_small_a,
          chequers_serial_rivers_micro_b, chequers_serial_rivers_large_a,
          uniq_menkaure, uniq_blork_the_orc
D:5:      kennysheep_spiral_hall, layout_basic, mainiacjoe_overflow_boulevard,
          minmay_temple_entry_stoned_glass, kennysheep_generic_room_14
D:6:      layout_rooms, minivault_10, kennysheep_crisscross,
          dreamdust_wishing_well
Temple:   nicolae_temple_bog_church

Skill      XL: |  1  2  3  4  5  6  7  8 |
---------------+-------------------------+-----
Dodging        | 3 4 5 6 7 8 |  8.0
Ranged Weapons | 5 6 7 8 |  8.0
Fighting       | 2 3 |  3.1
Stealth        | |  1.5

Action                     |  1- 3 |  4- 6 |  7- 9 || total
---------------------------+-------+-------+-------++-------
   Fire: Shortbow          |   123 |   123 |   168 ||   414
    Use: Scroll            |     9 |     4 |     3 ||    16
         Potion            |       |     1 |     1 ||     2
 Armour: Robe              |    14 |    16 |    19 ||    49
  Dodge: Dodged            |    47 |    48 |    74 ||   169

Table legend:
 A = Non-vault XP
 B = Vault XP
 C = Vault XP percentage of total XP
 D = Non-vault monster count
 E = Vault monster count
 F = Vault count percentage of total count
                 A         B        C        D         E       F
            +---------+---------+-------+---------+---------+-------
      Total |    1248 |     361 |  22.4 |      96 |      11 |  10.3
            +---------+---------+-------+---------+---------+-------
        D:1 |      28 |       7 |  20.0 |      15 |       4 |  21.1
        D:2 |      50 |       0 |   0.0 |      21 |       0 |   0.0
        D:3 |      81 |       0 |   0.0 |      15 |       0 |   0.0
        D:4 |     254 |     256 |  50.2 |      16 |       2 |  11.1
        D:5 |     697 |      98 |  12.3 |      22 |       5 |  18.5
        D:6 |     138 |       0 |   0.0 |       7 |       0 |   0.0
            +---------+---------+-------+---------+---------+-------
